 Dungeon Sprint DCSS version 0.23-a0-171-g5ae17c6 (webtiles) character file.

341 Fang the Cleaver (level 6, -2/67 HPs)
             Began as a Gargoyle Berserker on Sept 13, 2018.
             Was a Believer of Trog.
             Slain by a merfolk
             ... wielding a +0 trident
              (17 damage)
             ... in the Dungeon (Sprint V: "Ziggurat Sprint").
             The game lasted 00:01:22 (323 turns).

Fang the Cleaver (Gargoyle Berserker)                Turns: 323, Time: 00:01:23

Health: -2/67      AC: 14    Str: 40    XL:     6   Next: 56%
Magic:  6/6        EV: 12    Int:  7    God:    Trog [**....]
Gold:   0          SH:  0    Dex:  9    Spells: 5/5 levels left

rFire    . . .     SeeInvis .   k - +5 executioner's axe
rCold    . . .     Gourm    .   (shield currently unavailable)
rNeg     + + .     Faith    .   a - +3 scale mail {MR+}
rPois    ∞         Spirit   .   (no helmet)
rElec    +         Reflect  .   (no cloak)
rCorr    .         Harm     .   (no gloves)
MR       +....     NoTele   +   (no boots)
Stlth    ..........             b - macabre finger necklace {rN+}
HPRegen  0.21/turn              D - +6 ring of strength
MPRegen  0.10/turn              E - +6 ring of strength
                                (no ring)

@: berserking, very quick
A: negative energy resistance 1, electricity resistance, unbreathing,
petrification resistance, rot immunity, AC +4
a: Berserk, Trog's Hand, Renounce Religion


You were in the Dungeon.
You worshipped Trog.
Trog was pleased with you.
You were hungry.

You visited 1 branch

Inventory:

Hand Weapons
 k - a +5 executioner's axe (weapon)
Armour
 a - a +3 scale mail of magic resistance (worn)
 j - +5 shadow dragon scales
Jewellery
 b - the macabre finger necklace (around neck) {rN+}
   (You found it in the Dungeon)

   [amulet of nothing]

   It protects you from negative energy.
 D - a +6 ring of strength (left hand)
 E - a +6 ring of strength (right hand)
Wands
 w - a wand of disintegration (7)
 x - a wand of iceblast (7)
 y - a wand of acid (7)
Scrolls
 i - 4 scrolls of blinking
 l - 8 scrolls of fog
 m - a scroll of holy word
 n - 5 scrolls of identify
 o - 5 scrolls of remove curse
 p - 2 scrolls of fear
Potions
 d - 10 potions of curing
 e - 10 potions of heal wounds
 f - 6 potions of haste
 g - 7 potions of magic
 h - 3 potions of berserk rage
 q - 2 potions of brilliance
 r - 2 potions of invisibility
 s - 4 potions of resistance
 t - a potion of experience
 u - 5 potions of agility
 v - 5 potions of might
Comestibles
 c - 7 rations


   Skills:
 + Level 8.7 Fighting
 + Level 8.9 Axes
 + Level 5.7 Armour
 + Level 3.8 Dodging


You had 5 spell levels left.
You didn't know any spells.
Your spell library was empty.

Dungeon Overview and Level Annotations

Branches:
Dungeon (1/1)

Altars:
Ashenzari
Cheibriados
Dithmenos
Elyvilon
Fedhas
Gozag
Hepliaklqana
Kikubaaqudgha
Makhleb
Nemelex Xobeh
Okawaru
Qazlal
Ru
Sif Muna
Trog
Uskayaw
Vehumet
Wu Jian
Xom
Yredelemnul
Zin
The Shining One
Beogh
Jiyva
Lugonu

Annotations:
D 1 transporter


Innate Abilities, Weirdness & Mutations

You are resistant to torment.
Your stone body is resilient. (AC +4)
You are immune to poison.
You resist negative energy. (rN+)
You are resistant to electric shocks. (rElec)
You can survive without breathing.
You are immune to petrification.
You are immune to rotting.


Message History

The merfolk hits you from afar with a trident!
The merfolk hits you from afar with a trident of venom!
Unknown command.
You feel a strong urge to attack something.
The merfolk closely misses you. The merfolk hits you with a trident!
The merfolk hits you from afar with a trident!
Unknown command.
You are too injured to fight recklessly!
Unknown command.
You are too injured to fight recklessly!
Unknown command.
You are too injured to fight recklessly!
Unknown command.
You barely miss the merfolk. You slash the merfolk! x2
The merfolk hits you with a trident of venom!
* * * LOW HITPOINT WARNING * * *
The merfolk hits you with a trident.
* * * LOW HITPOINT WARNING * * *
The merfolk hits you with a trident!
You die...

▓▓▓▓▓▓▓▓▓▓▓▓▓▓▓▓▓▓▓
▓.8©8.▓.8©8.▓.8©8.▓
▓.:}|.▓..:..▓.....▓
▓..}..▓.....▓.)...▓
▓..m..▓.....▓.....▓
▓.mmm.▓.....▓.....▓
▓..@..▓.....▓..©..▓
▓..©..▓..©..▓▓▓▓▓▓▓
▓▓▓▓▓▓▓▓▓▓▓▓▓


You could see 4 merfolk.

Vanquished Creatures
  A yak (D)
  A porcupine (D)
  A wolf (D)
  A river rat (D)
  A jackal (D)
5 creatures vanquished.

Notes
Turn   | Place    | Note
-------+----------+-------------------------------------------
     0 | D        | Found the +6 Majin-Bo {vamp, Archmagi MP+6 Int+6}
     0 | D        | Found the +7 great mace "Firestarter" {inner flame, rF++}
     0 | D        | Fang the Gargoyle Berserker began the quest for the Orb.
     0 | D        | Reached XP level 1. HP: 14/14 MP: 1/1
     0 | D        | Found a blossoming altar of Fedhas.
     6 | D        | Found a viscous altar of Jiyva.
     6 | D        | Found a hazy altar of Hepliaklqana.
     6 | D        | Found a transporter.
     6 | D        | Found an opulent altar of Gozag.
     6 | D        | Found an ancient bone altar of Kikubaaqudgha.
     6 | D        | Found a corrupted altar of Lugonu.
    21 | D        | Found a burning altar of Makhleb.
    22 | D        | Found a sacrificial altar of Ru.
    22 | D        | Found a stormy altar of Qazlal.
    22 | D        | Found a deep blue altar of Sif Muna.
    22 | D        | Found an iron altar of Okawaru.
    22 | D        | Found a bloodstained altar of Trog.
    22 | D        | Found a sparkling altar of Nemelex Xobeh.
    74 | D        | Entered arena 2.
    74 | D        | Noticed a wolf
    74 | D        | Found a transporter.
    75 | D        | Found the +4 dagger "Morg" {pain, MR+ Int+5}
    80 | D        | Reached XP level 2. HP: 20/20 MP: 2/2
    87 | D        | Killed a wolf
    87 | D        | Reached skill level 5 in Axes
    87 | D        | Reached XP level 3. HP: 28/28 MP: 3/3
    87 | D        | Reached XP level 4. HP: 32/32 MP: 4/4
   183 | D        | Entered arena 3.
   183 | D        | Noticed a porcupine
   183 | D        | Noticed a yak
   183 | D        | Found a transporter.
   184 | D        | Found the macabre finger necklace {rN+}
   187 | D        | Reached ** piety under Trog
   190 | D        | Killed a yak
   190 | D        | Reached skill level 5 in Armour
   190 | D        | Reached XP level 5. HP: 31/39 MP: 5/5
   190 | D        | Reached XP level 6. HP: 36/44 MP: 6/6
   190 | D        | Killed a porcupine
   318 | D        | Entered arena 4.
   318 | D        | Noticed a merfolk
   318 | D        | Noticed a merfolk
   318 | D        | Noticed a merfolk
   318 | D        | Noticed a merfolk
   318 | D        | Found a transporter.
   323 | D        | Slain by a merfolk

Vault maps used:
D:        sprint_v

Skill      XL: |  1  2  3  4  5  6 |
---------------+-------------------+-----
Fighting       | 4 6 8 |  8.7
Axes           | 3 5 7 8 |  8.9
Armour         | 3 5 |  5.7
Dodging        | 2 3 |  3.8

Action                   |  1- 3 |  4- 6 || total
-------------------------+-------+-------++-------
Melee: Executioner's axe |    11 |     7 ||    18
Invok: Berserk           |     1 |     2 ||     3
Armor: Shadow dragon sca |    11 |       ||    11
       Scale mail        |       |     5 ||     5
Dodge: Dodged            |    12 |     6 ||    18

Table legend:
 A = Non-vault XP
 B = Vault XP
 C = Vault XP percentage of total XP
 D = Non-vault monster count
 E = Vault monster count
 F = Vault count percentage of total count
                 A         B        C        D         E       F
            +---------+---------+-------+---------+---------+-------
      Total |       0 |     488 | 100.0 |       0 |       5 | 100.0
            +---------+---------+-------+---------+---------+-------
          D |       0 |     488 | 100.0 |       0 |       5 | 100.0
            +---------+---------+-------+---------+---------+-------
